 Dungeon Crawl Stone Soup version 0.22-a0-570-g58866f5 (webtiles) character file.

31 Dfrag the Firebug (level 3, 15/24 HPs)
             Began as a Demonspawn Fire Elementalist on July 1, 2018.
             Quit the game on level 2 of the Dungeon.
             The game lasted 00:01:50 (1251 turns).

Dfrag the Firebug (Demonspawn Fire Elementalist)    Turns: 1251, Time: 00:01:50

Health: 15/24      AC:  2    Str:  8    XL:     3   Next: 7%
Magic:  0/6        EV: 12    Int: 17    God:
Gold:   21         SH:  0    Dex: 13    Spells: 6/7 levels left

rFire    . . .     SeeInvis .   (no weapon)
rCold    . . .     Gourm    .   (no shield)
rNeg     . . .     Faith    .   a - +0 robe
rPois    .         Spirit   .   (helmet restricted)
rElec    .         Reflect  .   (no cloak)
rCorr    .         Harm     .   (no gloves)
MR       .....                  (no boots)
Stlth    ++........             (no amulet)
HPRegen  0.08/turn              (no ring)
MPRegen  0.10/turn              (no ring)

@: no status effects
A: horns 1, spiny 1
a: no special abilities


You were on level 2 of the Dungeon.
You were not hungry.

You visited 1 branch of the dungeon, and saw 2 of its levels.

You collected 21 gold pieces.

Inventory:

Armour
 a - a +0 robe (worn)
Scrolls
 b - a scroll of amnesia {unknown}
 e - a scroll of immolation {unknown}
 g - a scroll of remove curse {unknown}
Potions
 d - a potion of brilliance {unknown}
 f - 2 potions of haste {unknown}
Comestibles
 c - a ration
 h - a chunk of flesh


   Skills:
 - Level 1.7 Dodging
 - Level 1.7 Stealth
 + Level 2.5 Spellcasting
 + Level 1.9 Conjurations
 + Level 3.1 Fire Magic


You had 6 spell levels left.
You knew the following spells:

 Your Spells              Type           Power        Failure   Level  Hunger
a - Flame Tongue          Conj/Fire      ##...        7%          1    #......

Your spell library contained the following spells:

 Spells                   Type           Power        Failure   Level  Hunger
 Fireball                 Conj/Fire      ##........   88%         5    ######.
 Conjure Flame            Conj/Fire      ##......     21%         3    ###....
 Throw Flame              Conj/Fire      ##....       10%         2    ##.....
 Sticky Flame             Conj/Fire      ##......     54%         4    #####..
 Inner Flame              Hex/Fire       #.......     28%         3    ###....


Dungeon Overview and Level Annotations

Branches:
Dungeon (2/15)

Altars:


Innate Abilities, Weirdness & Mutations

You have a pair of small horns on your head.
You are partially covered in sharp spines.


Message History

Press: ? - help, Shift-Dir - straight line, f/p - worm
Aim: a worm (severely wounded)
The flame tongue hits the worm.
The worm is almost dead.
Casting: Flame Tongue (safe; 7% risk of failure)
Confirm with . or Enter, or press ? or * to list all spells.
Aiming: Flame Tongue (safe; 7% risk of failure)
Press: ? - help, Shift-Dir - straight line, f/p - worm
Aim: a worm (almost dead)
The flame tongue hits the worm.
You kill the worm!
You have reached level 3!
Your experience leads to an increase in your attributes!
Increase (S)trength, (I)ntelligence, or (D)exterity?
You feel clever.
Your demonic ancestry asserts itself...
Sharp spines emerge from parts of your body.
You found a teleport trap!
The quokka bites you.
You closely miss the quokka. The quokka bites you.
You miss the quokka. The quokka barely misses you.
Are you sure you want to abandon this character and quit the game? (Confirm with "yes".)

..# ...... ######.#
...♣... .......#.#
..♣.♣.? #.# ##....#
♣.l.♣. #.###.....## .
♣.♣..######.#.........
...♣.......##.#.#.....##
.......^...##.........#
......r@...##.###.#.#.#
######........# #.#.#.#
#........###...#.#
########.........#
###########


You could see a quokka.

Vanquished Creatures
  A gnoll (D:1)
  An adder (D:2)
  A worm (D:2)
  2 giant cockroaches
  A quokka (D:2)
  4 goblins (D:1)
  A rat (D:1)
11 creatures vanquished.

Notes
Turn   | Place    | Note
-------+----------+-------------------------------------------
     0 | D:1      | Dfrag the Demonspawn Fire Elementalist began the quest for the Orb.
     0 | D:1      | Reached XP level 1. HP: 13/13 MP: 3/3
   790 | D:1      | Reached skill level 3 in Fire Magic
   790 | D:1      | Gained mutation: You have a pair of small horns on your head. [demonic ancestry]
   790 | D:1      | Reached XP level 2. HP: 3/19 MP: 0/5
  1239 | D:2      | Found a faded altar of an unknown god.
  1248 | D:2      | Gained mutation: You are partially covered in sharp spines. [demonic ancestry]
  1248 | D:2      | Reached XP level 3. HP: 19/24 MP: 0/6
  1251 | D:2      | Quit the game

Vault maps used:
D:1:      shiori_arrival_whats_in_store_for_you, serial_forest,
          infiniplex_forest_corner_1, infiniplex_forest_end_1,
          infiniplex_forest_clump_long, infiniplex_forest_lined_2,
          infiniplex_forest_clump_C
D:2:      chequers_ecumenical_altar_simple_redux, okawaru_gym_becter

Skill      XL: |  1 |
---------------+----+-----
Fire Magic     | 3 |  3.1
Dodging        | |  1.7
Stealth        | |  1.7
Spellcasting   | |  2.5
Conjurations   | |  1.9

Action                   || total
-------------------------++-------
Melee: Unarmed           ||    26
 Cast: Flame Tongue      ||    33
  Eat: Chunk             ||     1
Armor: Robe              ||    10
Dodge: Dodged            ||    28

Table legend:
 A = Spawn XP
 B = Non-spawn XP
 C = Spawn XP percentage of total XP
 D = Spawn monster count
 E = Non-spawn monster count
 F = Spawn count percentage of total count
 G = Total turns spent on level
                    A         B        C        D         E        F      G
               +---------+---------+-------+---------+---------+-------+---------
         Total |       0 |      45 |   0.0 |       0 |      11 |   0.0 |  1251
               +---------+---------+-------+---------+---------+-------+---------
           D:1 |       0 |      23 |   0.0 |       0 |       7 |   0.0 |  1086
           D:2 |       0 |      22 |   0.0 |       0 |       4 |   0.0 |   165
               +---------+---------+-------+---------+---------+-------+---------
